 Dungeon Crawl Stone Soup version 0.20.1-1-g8b1a95d (webtiles) character file.

110 GenChuck the Grave Robber (level 4, 0/24 HPs)
             Began as a Deep Elf Necromancer on Nov 2, 2017.
             Slain by a gnoll
             ... wielding a +0 spear
              (2 damage)
             ... on level 3 of the Dungeon.
             The game lasted 00:37:21 (3543 turns).

GenChuck the Grave Robber (Deep Elf Necromancer)    Turns: 3543, Time: 00:37:21

Health: 0/24       AC:  3    Str:  5    XL:     4   Next: 61%
Magic:  12/12      EV: 13    Int: 21    God:
Gold:   137        SH:  0    Dex: 15    Spells: 3/12 levels left

rFire    . . .     SeeInvis .   k - +1 short sword
rCold    . . .     Gourm    .   (no shield)
rNeg     . . .     Faith    .   a - +1 robe
rPois    .         Spirit   .   (helmet restricted)
rElec    .         Reflect  .   (no cloak)
rCorr    .         Harm     .   (no gloves)
MR       .....                  (no boots)
Stlth    ++........             (no amulet)
Regen    0.1/turn               (no ring)
MPRegen  0.2/turn               (no ring)

@: no status effects
A: horns 1, blurry vision 1
a: no special abilities


You were on level 3 of the Dungeon.
You were not hungry.

You visited 1 branch of the dungeon, and saw 4 of its levels.

You collected 137 gold pieces.

Inventory:

Hand Weapons
 k - a +1 short sword (weapon)
Missiles
 e - 8 tomahawks (quivered)
Armour
 a - a +1 robe (worn)
 d - a +2 pair of gloves
 t - a +2 animal skin
Scrolls
 g - 3 scrolls of identify
 n - a scroll of enchant weapon
 o - 2 scrolls of remove curse
Potions
 l - a potion of flight
 m - a potion of curing
 p - a potion of agility
 r - a potion of heal wounds
 s - a potion of brilliance
Books
 b - a book of Necromancy

   Spells                             Type                      Level
   a - Pain                           Necromancy                   1
   b - Animate Skeleton               Necromancy                   1
   c - Vampiric Draining              Necromancy                   3
   d - Regeneration                   Charms/Necromancy            3
   e - Animate Dead                   Necromancy                   4
   f - Control Undead                 Necromancy                   4
Comestibles
 c - a bread ration
 h - 4 royal jellies
 j - 2 fruits
 q - 2 meat rations


   Skills:
 * Level 3.0 Dodging
 + Level 2.6 Stealth
 + Level 4.5 Spellcasting
 * Level 6.1 Necromancy


You had 3 spell levels left.
You knew the following spells:

 Your Spells              Type           Power        Failure   Level  Hunger
a - Pain                  Necr           ####         1%          1    None
b - Animate Skeleton      Necr           N/A          1%          1    None
c - Vampiric Draining     Necr           ####......   2%          3    ##.....
d - Animate Dead          Necr           N/A          9%          4    ####...


Dungeon Overview and Level Annotations

Branches:
Dungeon (4/15)
 Temple: D:4-7

Altars:
Zin


Innate Abilities, Weirdness & Mutations

You have a pair of small horns on your head.
Scrolls take you a little longer to read.


Message History

You start resting.
Eating a chunk of flesh.
You eat the chunk of flesh.
This raw flesh tastes terrible.
Magic restored.
You start resting.
Your adder skeleton crumbles into dust!
HP restored.
You climb downwards.
The gnoll misses you. The gnoll hits you with a flail!
The gnoll hits you with a spear. x2
* * * LOW HITPOINT WARNING * * *
There is a stone staircase leading up here.
The gnoll hits you with a spear.
* * * LOW HITPOINT WARNING * * *
The gnoll misses you. The gnoll barely misses you.
You climb upwards.
There is a stone staircase leading down here.
The gnoll hits you from afar with a spear.
* * * LOW HITPOINT WARNING * * *
The gnoll hits you with a spear.
You die...

####### #.....# #.....# #.....###
#.......############ #####
#..g.)#............. #...##
#..g>.###....#######
#....####..@g.# #.####
#........##.#####.#
#####.........##..#
#####.....##..# ####......##
#.#.[...# ####
####.....#.######... #####
##....##..#[.......##
#...#########..##.....))....#####


You could see 3 gnolls.

Vanquished Creatures
  Robin (D:3)
  A gnoll (D:3)
  2 adders
  An ooze (D:2)
  A worm (D:2)
  3 dart slugs
  2 leopard geckos (D:3)
  An orc (D:3)
  A giant cockroach (D:1)
  11 goblins
  11 hobgoblins
  3 jackals (D:3)
  2 quokkas (D:2)
  6 bats
  A frilled lizard (D:1)
  2 kobolds
  A rat (D:1)
50 creatures vanquished.

Vanquished Creatures (collateral kills)
  A leopard gecko (D:2)
  A hobgoblin (D:3)
  4 rats (D:1)
6 creatures vanquished.

Grand Total: 56 creatures vanquished

Notes
Turn   | Place    | Note
-------+----------+-------------------------------------------
     0 | D:1      | GenChuck the Deep Elf Necromancer began the quest for the Orb.
     0 | D:1      | Reached XP level 1. HP: 10/10 MP: 6/6
     2 | D:1      | Learned a level 1 spell: Animate Skeleton
    91 | D:1      | Reached skill level 5 in Necromancy
   406 | D:1      | Reached XP level 2. HP: 15/15 MP: 6/8
   986 | D:1      | Gained mutation: Scrolls take you a little longer to read. [potion of mutation]
   986 | D:1      | Gained mutation: You have a pair of small horns on your head. [potion of mutation]
  1373 | D:3      | Noticed Robin
  1656 | D:3      | Found a glowing silver altar of Zin.
  1840 | D:2      | Reached XP level 3. HP: 16/19 MP: 6/10
  1901 | D:2      | Learned a level 3 spell: Vampiric Draining
  2754 | D:3      | Reached skill level 6 in Necromancy
  2911 | D:3      | Reached XP level 4. HP: 21/24 MP: 8/12
  3002 | D:3      | Killed Robin
  3479 | D:3      | Learned a level 4 spell: Animate Dead
  3543 | D:3      | Slain by a gnoll

Skill      XL: |  1  2  3  4 |
---------------+-------------+-----
Necromancy     | 5 6 |  6.1
Spellcasting   | 4 |  4.5
Dodging        | 3 |  3.0
Stealth        | |  2.6

Action                   |  1- 3 |  4- 6 || total
-------------------------+-------+-------++-------
Melee: Short sword       |       |     1 ||     1
Throw: Tomahawk          |     1 |       ||     1
 Cast: Pain              |    63 |    25 ||    88
       Animate Skeleton  |    15 |     4 ||    19
       Vampiric Draining |     3 |     1 ||     4
  Use: Potion            |     6 |       ||     6
       Scroll            |     5 |     1 ||     6
  Eat: Bread ration      |     1 |       ||     1
       Chunk             |     2 |     2 ||     4
Armor: Robe              |     3 |     2 ||     5
Dodge: Dodged            |    10 |    10 ||    20
